 Dungeon Crawl Stone Soup version 0.31.0-2-g5a2aebc5c2 (webtiles) character file.

Game seed: 5898235714158444642

3356026 bakla the Exorcist (level 27, 207/213 HPs)
             Began as a Felid Delver on Jan 20, 2024.
             Was an Elder of the Shining One.
             Escaped with the Orb
             ... and 5 runes!
             The game lasted 03:14:10 (68694 turns).

bakla the Exorcist (Felid Delver)                  Turns: 68694, Time: 03:14:11

Health: 207/213    AC: 35    Str: 20    XL:     27
Magic:  24/41      EV: 46    Int: 17    God:    the Shining One [****..]
Gold:   8054       SH:  5    Dex: 25    Spells: 22/34 levels left
                                        Lives:  1   Deaths: 9

rFire   + .          .
                       - Unarmed
rCold   + . .        (shield unavailable)
rNeg    + + +        (body armour unavailable)
rPois   ∞            (helmet unavailable)
rElec   +            (cloak unavailable)
rCorr   +            (gloves unavailable)
SInv    +            (boots unavailable)
Will    +++++        g - amulet "Afruseu" {Reflect rF+ SH+5 SInv}
Stlth   ++           c - ring "Neucedi" {^Drain rElec rCorr Str+4 Dex+6}
HPRegen 0.55/turn    Z - ring of Tender Moments {^Contam rPois rC+ Will+}
MPRegen 0.27/turn

%: reflection, clarity
@: statue-form, glowing, very slow
A: slow and powerful, torment resistance 1, boosted hp, very small, claws 1,
fangs 3, see invisible, (shaggy fur 3), stealthy paws, no weapons or thrown
items, no armour, multi-lived, clarity, clumsy 1, strong-willed 1, subdued magic
1
0: Orb of Zot
}: 5/15 runes: decaying, slimy, silver, abyssal, gossamer
a: Begin Untransformation, Renounce Religion, Divine Shield, Cleansing Flame


You escaped.
You worshipped the Shining One.
The Shining One was greatly pleased with you.
You were a living statue of rough stone.
You visited 13 branches of the dungeon, and saw 58 of its levels.
You visited the Abyss 1 time.
You visited 1 ziggurat, and saw 18 of its levels.

You collected 10471 gold pieces.
You spent 2417 gold pieces at shops.

Inventory:

Jewellery
 c - the ring "Neucedi" (left paw) {^Drain rElec rCorr Str+4 Dex+6}
   (You took it off an ironbound preserver on level 5 of the Vaults)

   [ring of dexterity]

   Str+4:     It affects your strength (+4).
   Dex+6:     It affects your dexterity (+6).
   rElec:     It insulates you from electricity.
   rCorr:     It protects you from acid and corrosion.
   ^Drain:    It drains your maximum health when unequipped.
 g - the amulet "Afruseu" (around neck) {Reflect rF+ SH+5 SInv}
   (You found it on level 5 of the Pits of Slime)

   [amulet of reflection]

   Reflect:   It reflects blocked missile attacks.
   rF+:       It protects you from fire.
   SInv:      It lets you see invisible.
   SH+5:      It affects your SH (+5).
 k - the ring of Shadows {Umbra +Inv Stlth+}
   (You took it off a deep elf sorcerer on level 2 of the Realm of Zot)

   [ring of stealth]

   Umbra:     It surrounds you with an aura of shadow, increasing your stealth
   and reducing the accuracy of all others within it.
   +Inv:      It lets you turn invisible.
   Stlth+:    It makes you more stealthy.
 n - a ring of flight
 o - an amulet of the acrobat
 s - the ring of Incredulity {Will++ Int+6}
   (You found it on level 16 of a ziggurat)

   [ring of intelligence]

   Int+6:     It affects your intelligence (+6).
   Will++:    It greatly increases your willpower.
 y - a ring of resist corrosion
 G - a +6 ring of dexterity
 I - an amulet of regeneration
 L - the ring "Tufion" {rF- rN+ Will+++ Str-5 Int+6}
   (You found it on level 3 of the Crypt)

   [ring of intelligence]

   Str-5:     It affects your strength (-5).
   Int+6:     It affects your intelligence (+6).
   rF-:       It makes you vulnerable to fire.
   rN+:       It protects you from negative energy.
   Will+++:   It greatly increases your willpower.
 X - a ring of protection from cold
 Z - the ring of Tender Moments (right paw) {^Contam rPois rC+ Will+}
   (You took it off a yaktaur captain on level 5 of the Vaults)

   [ring of willpower]

   rC+:       It protects you from cold.
   rPois:     It protects you from poison Will+: It increases your willpower.
   ^Contam:   It causes magical contamination when unequipped.
Talismans
 t - a granite talisman (active)
 U - a talisman of death
Wands
 e - a wand of digging (26)
 q - a wand of charming (63)
 B - a wand of polymorph (21)
 C - a wand of flame (102)
 J - a wand of quicksilver (40)
 M - a wand of mindburst (35)
 Q - a wand of iceblast (82)
Scrolls
 b - 3 scrolls of butterflies
 u - 9 scrolls of amnesia
 v - 14 scrolls of fog
 z - 8 scrolls of fear
 H - 4 scrolls of vulnerability
 K - 6 scrolls of torment
 N - 6 scrolls of blinking
 O - 12 scrolls of immolation
 P - 6 scrolls of revelation
 R - a scroll of teleportation
 T - 6 scrolls of poison
Potions
 a - 7 potions of mutation
 d - 7 potions of ambrosia
 f - 4 potions of haste
 h - 10 potions of attraction
 j - 20 potions of lignification
 l - 7 potions of cancellation
 m - 13 potions of enlightenment
 p - 3 potions of berserk rage
 r - 20 potions of curing
 x - 5 potions of magic
 A - a potion of resistance
 D - 9 potions of brilliance
 E - 8 potions of might
 V - 4 potions of heal wounds
 W - 2 potions of invisibility
Miscellaneous
 i - a phantom mirror
 w - a lightning rod (4/4)
 F - a box of beasts
 S - a condenser vane


   Skills:
 + Level 23.2 Fighting
 + Level 24.5 Dodging
 - Level 26.9 Stealth
 + Level 23.2 Unarmed Combat
 - Level 4.0 Spellcasting
 - Level 5.0 Summonings
 - Level 5.0 Necromancy
 - Level 3.0 Translocations
 O Level 27 Invocations
 - Level 23.0 Shapeshifting


You had 22 spell levels left.
You knew the following spells:

 Your Spells              Type           Power      Damage    Failure   Level
a - Call Canine Familiar  Summ           15%        N/A       4%          3
b - Call Imp              Summ           30%        N/A       2%          2
c - Summon Small Mammal   Summ           60%        N/A       1%          1
d - Blink                 Tloc           20%        N/A       5%          2
e - Apportation           Tloc           20%        N/A       3%          1
f - Fugue of the Fallen   Necr           15%        N/A       4%          3

Your spell library contained the following spells:

 Spells                   Type           Power      Damage    Failure   Level
 Necrotise                Necr           60%        1d7       1%          1
 Vampiric Draining        Necr           15%        2d7       4%          3
 Lesser Beckoning         Tloc           20%        N/A       5%          2
 Momentum Strike          Conj/Tloc      12%        3d8       11%         2
 Gell's Gravitas          Tloc           10%        N/A       12%         3
 Teleport Other           Tloc           10%        N/A       12%         3
 Foxfire                  Conj/Fire      8%         2x1d4     13%         1
 Freeze                   Ice            8%         1d3       13%         1
 Magic Dart               Conj           8%         1d3       13%         1
 Sandblast                Erth           4%         2d4       13%         1
 Shock                    Conj/Air       8%         1d3       13%         1
 Sting                    Conj/Alch      8%         1d3       13%         1
 Summon Ice Beast         Ice/Summ       9%         N/A       14%         3
 Animate Dead             Necr           15%        N/A       17%         4
 Martyr's Knell           Necr/Summ      15%        N/A       17%         4
 Ensorcelled Hibernation  Hex/Ice        4%         N/A       21%         2
 Jinxbite                 Hex            4%         N/A       21%         2
 Mercury Vapours          Alch/Air       4%         N/A       21%         2
 Scorch                   Fire           4%         2d5       21%         2
 Searing Ray              Conj           4%         2d4       21%         2
 Volatile Blastmotes      Fire/Tloc      12%        2d11      22%         3
 Manifold Assault         Tloc           10%        N/A       36%         4
 Passage of Golubria      Tloc           10%        N/A       36%         4
 Frozen Ramparts          Ice            4%         1d1       38%         3
 Hailstorm                Conj/Ice       2%         3d5       38%         3
 Inner Flame              Hex/Fire       2%         N/A       38%         3
 Ozocubu's Armour         Ice            2%         N/A       38%         3
 Passwall                 Erth           2%         N/A       38%         3
 Sigil of Binding         Hex            2%         N/A       38%         3
 Stone Arrow              Conj/Erth      4%         3d7       38%         3
 Swiftness                Air            2%         N/A       38%         3
 Tukima's Dance           Hex            2%         N/A       38%         3
 Anguish                  Hex/Necr       4%         N/A       45%         4
 Curse of Agony           Necr           15%        N/A       45%         5
 Iskenderun's Mystic Bla  Conj/Tloc      6%         2d4       58%         4
 Vhi's Electric Charge    Tloc/Air       12%        N/A       58%         4
 Summon Forest            Summ/Tloc      6%         N/A       58%         5
 Airstrike                Air            1%         2d(1-17)  80%         4
 Brom's Barrelling Bould  Conj/Erth      2%         2d3       80%         4
 Flame Wave               Conj/Fire      2%         2d4       80%         4
 Fulminant Prism          Conj/Alch      1%         3d5       80%         4
 Ignite Poison            Fire/Alch      2%         N/A       80%         4
 Leda's Liquefaction      Alch/Erth      1%         N/A       80%         4
 Olgreb's Toxic Radiance  Alch           2%         N/A       80%         4
 Petrify                  Alch/Erth      2%         N/A       80%         4
 Sticky Flame             Fire/Alch      2%         2d4       80%         4
 Borgnjor's Vile Clutch   Necr/Erth      4%         N/A       80%         5
 Summon Mana Viper        Hex/Summ       9%         N/A       80%         5
 Death Channel            Necr           7%         N/A       96%         6
 Summon Cactus Giant      Summ           7%         N/A       96%         6
 Fireball                 Conj/Fire      1%         3d3       99%         5
 Iskenderun's Battlesphe  Conj           2%         2d6       99%         5
 Lee's Rapid Deconstruct  Erth           1%         3d4*      99%         5
 Metabolic Englaciation   Hex/Ice        1%         N/A       99%         5
 Silence                  Hex/Air        1%         N/A       99%         5
 Yara's Violent Unravell  Hex/Alch       1%         3d3       99%         5
 Bombard                  Conj/Erth      1%         9d1       100%        6
 Dispersal                Tloc           5%         N/A       100%        6
 Eringya's Noxious Bog    Alch           1%         4d6       100%        6
 Sculpt Simulacrum        Ice/Alch       1%         N/A       100%        6
 Enfeeble                 Hex            1%         N/A       100%        7
 Haunt                    Necr/Summ      7%         N/A       100%        7
 Malign Gateway           Summ/Tloc      6%         N/A       100%        7
 Monstrous Menagerie      Summ           7%         N/A       100%        7
 Spellforged Servitor     Conj/Summ      4%         N/A       100%        7
 Summon Hydra             Summ           7%         N/A       100%        7
 Borgnjor's Revivificati  Necr           7%         N/A       100%        8
 Disjunction              Tloc           5%         N/A       100%        8
 Ignition                 Fire           1%         3d3       100%        8
 Infestation              Necr           7%         N/A       100%        8
 Lehudib's Crystal Spear  Conj/Erth      1%         10d2      100%        8
 Summon Horrible Things   Summ           7%         N/A       100%        8
 Death's Door             Necr           7%         N/A       100%        9
 Dimensional Bullseye     Hex/Tloc       Unusable   N/A       N/A         4

Dungeon Overview and Level Annotations

Branches:
Dungeon (15/15)            Temple (1/1) D:4            Lair (5/5) D:11
  Swamp (4/4) Lair:3       Spider (4/4) Lair:2        Slime (5/5) Lair:5
    Orc (2/2) D:9             Elf (3/3) Orc:2        Vaults (5/5) D:13
  Crypt (3/3) Vaults:2       Tomb (2/3) Crypt:3      Depths (4/4) D:15
    Zot (5/5) Depths:4

Altars:
Ashenzari
Cheibriados
Dithmenos
Elyvilon
Fedhas
Gozag
Hepliaklqana
Kikubaaqudgha
Makhleb
Nemelex Xobeh
Okawaru
Qazlal
Ru
Sif Muna
Trog
Uskayaw
Vehumet
Wu Jian
Xom
Yredelemnul
Zin
The Shining One
Jiyva

Shops:
D:6 :!:   D:7 ?   Orc:2 *(((?[   Elf:2 :   Elf:3 *   Vaults:3 :   Depths:3 :==

Portals:
Hell: Depths:1 Depths:2 Depths:3 Depths:4
Abyss: Depths:1 Depths:2 Depths:3
Pandemonium: Depths:2
Trove: Elf:1 (give 2 scrolls of acquirement)

Annotations:
D:5 2 transporters, exclusion: 3 killer bees
D:6 Jeremiah
D:9 2 runed translucent doors, exclusions: ice dragon and 2 more exclusions
D:10 exclusion: 2 electric eels
D:11 1 runed translucent door, ChongLi's ghost, journeyman DgAE
Spider:3 1 runed translucent door, Cumifues's ghost, journeyman MiMo
Slime:2 exclusion: upstairs
Slime:3 exclusion: 2 upstairs
Elf:2 3 runed translucent doors
Depths:1 2 transporters, Dazliare's ghost, veteran BaEE
Depths:3 2 transporters


Innate Abilities, Weirdness & Mutations

You are a living statue of rough stone.
Your actions are slow, but your melee attacks are powerful.
You are resistant to unholy torment.
Your maximum health is greatly increased.
You are immune to poison.
You have sharp claws.
You have razor-sharp teeth.
You have supernaturally acute eyesight. (SInv)
((Your thick and shaggy fur keeps you warm. (AC +3, rC+)))
Your paws help you pounce on unaware monsters.
You are incapable of wielding weapons or throwing items.
You cannot wear armour.
You gain extra lives every three experience levels.
You possess an exceptional clarity of mind.
You are clumsy. (Dex -2)
You are strong-willed. (Will+)
Your spells are a little easier to cast, but a little less powerful.


Message History

The golden eye blinks at you. You resist with almost no effort.
The golden eye blinks!
You swap places.
Your daeva calls down the wrath of the Shining One upon the golden eye.
The golden eye is smitten.
The golden eye dies!
You are momentarily dazzled by a brilliant light.
Unknown command.
You swap places.
You are momentarily dazzled by a brilliant light.
Unknown command.
You don't have enough magic at the moment.
Unknown command.
Magic courses through your body. Magic courses through your body.
You are momentarily dazzled by a brilliant light.
An Orb Guardian comes into view.
Unknown command.
You are momentarily dazzled by a brilliant light.
You can no longer summon a divine warrior.
Your daeva calls down the wrath of the Shining One upon the Orb Guardian.
The Orb Guardian is smitten.
Your daeva calls down the wrath of the Shining One upon the Orb Guardian.
The Orb Guardian is smitten.
Your daeva calls down the wrath of the Shining One upon the Orb Guardian.
The Orb Guardian is smitten.
You enter the shallow water.
Moving in this stuff is going to be slow.
Your daeva calls down the wrath of the Shining One upon the Orb Guardian.
The Orb Guardian is smitten.
Your daeva calls down the wrath of the Shining One upon the Orb Guardian.
The Orb Guardian is smitten.
Your angel hits the Orb Guardian with a +2 whip of holy wrath. x2
Your daeva calls down the wrath of the Shining One upon the Orb Guardian.
The Orb Guardian is smitten.
The Orb Guardian hits your angel but does no damage.
Your angel hits the Orb Guardian with a +2 whip of holy wrath! x2
The Orb Guardian dies!
There is a staircase leading out of the dungeon here.
You have escaped!

#.### ######## ##.###
#......# #.#...
####.####.####### ##.##.
#...............########.
#.#..#.##.#.#.......# #.
#.#..#.##.##.##.###.# #.
####.#....###...##.# #.# #.
#......####8######.###.####.
#......###AAA#####.#......##
#..#.#.#..AAA..#...#.#.##.#
#..#...#.⌠.AA⌠.#..##.#.##.#
#..##..#...~...#..##.#..#.##
#......#.⌠.~.⌠.#..##....#...
#......#...~...#..##........
#####.##.⌠.~.⌠.#..##......[.
#.##...~...#..##.##.##.#


You could see 5 friendly daevas and 3 friendly angels.

Vanquished Creatures
  the Royal Jelly (Slime:5)
  5 dread liches
  4 orbs of fire
  13 ancient liches
  2 juggernauts
  13 pandemonium lords
  Boris (twice) (Depths:3 Depths:4)
  the Lernaean hydra (Swamp:4)
  18 royal mummies
  9 Killer Klowns
  Saint Roka (Vaults:4)
  A caustic shrike (Zig:17)
  2 curse toes
  A profane servitor (D:1)
  12 golden dragons
  The ghost of bakla the Skinwalker, a veteran FeDe of Wu Jian (Zig:9)
  The ghost of bakla the Skinwalker, a veteran FeDe of Wu Jian (Zig:9)
  Jory (Depths:4)
  Nikola (Swamp:1)
  3 bone dragons
  3 electric golems
  19 tentacled monstrosities
  4 Tzitzimimeh
  4 Brimstone Fiends
  An iron giant (Zot:4)
  Jorgrun (Swamp:1)
  3 hellephants
  Rupert (Orc:2)
  42 Orb Guardians
  16 liches
  Zenata (Elf:2)
  4 Ice Fiends
  A Hell Sentinel (D:1)
  2 deep elf master archers (Elf:3)
  A searing wretch (Zig:17)
  5 quicksilver dragons
  7 titans
  18 acid blobs
  Asterion (Vaults:2)
  5 deep elf blademasters
  5 Executioners
  8 tentacled starspawn (Abyss:3)
  16 sphinxes
  10 ancient champions
  A kraken (Abyss:3)
  4 death cobs
  Gastronok (Lair:2)
  9 storm dragons
  11 shadow dragons
  Frances (Swamp:2)
  9 tengu reavers
  Donald (Spider:4)
  12 draconian monks
  A fenstrider witch (Swamp:1)
  9 rockslimes
  Aizul (Vaults:1)
  5 revenants
  6 protean progenitors
  A demonspawn warmonger (Temple)
  3 narguns
  3 daevas
  9 azure jellies
  10 fire giants
  A quicksilver elemental (Zig:17)
  5 draconian scorchers
  3 draconian shifters
  9 emperor scorpions
  11 frost giants
  2 iron dragons
  26 vault wardens
  6 draconian knights
  6 balrugs
  A juggernaut zombie (Abyss:3)
  4 deep elf sorcerers
  5 curse skulls
  6 deep elf elementalists
  3 ghouls (Crypt:2)
  8 draconian stormcallers
  An orc warlord (Orc:2)
  3 cacodemons
  A demonspawn corrupter (Zig:12)
  16 ghost moths
  12 reapers
  4 formless jellyfish
  19 ironbound preservers
  11 stone giants
  2 caustic shrike skeletons (Crypt:3)
  2 draconian annihilators
  9 quicksilver oozes
  7 ironbound thunderhulks
  7 very ugly things
  8 vampire knights
  4 broodmothers
  9 deep elf death magi
  3 lorocyprocas
  10 deep elf annihilators
  6 bennus
  4 eleionomae
  9 green draconians
  13 deep elf demonologists
  2 wendigos (Zig:17)
  20 black draconians
  5 dire elephants
  8 red draconians
  14 war gargoyles
  A spark wasp (shapeshifter) (Vaults:5)
  7 purple draconians
  2 spark wasps (Spider:4)
  2 bunyips (Swamp:2)
  Snorg (D:13)
  A demonspawn black sun (Zig:9)
  13 white draconians
  8 yellow draconians
  6 blizzard demons
  4 crystal guardians
  19 ettins
  4 green deaths
  11 eidola
  7 entropy weavers
  A shambling mangrove (Abyss:3)
  A merfolk impaler (Zig:6)
  6 deep elf high priests
  15 mummy priests
  A merfolk javelineer (Zig:6)
  16 yaktaur captains
  6 fire dragons
  6 jiangshi
  Harold (Lair:1)
  10 great orbs of eyes
  A salamander tyrant (Zig:1)
  2 spriggan zombies
  Erolcha (D:13)
  8 rakshasas
  10 hell beasts
  11 ice dragons
  A spriggan air mage (Depths:1)
  21 hydras
  29 vault guards
  3 peacekeepers
  An entropy weaver (shapeshifter) (D:15)
  A merfolk avatar (Zig:6)
  2 spriggan skeletons
  4 death knights
  A sphinx zombie (Depths:2)
  12 ironbound frosthearts
  9 ghost crabs
  6 alligators
  3 jorogumos
  2 catoblepae
  3 ogre magi
  A radroach (Spider:4)
  2 satyrs (Zot:1)
  A two-headed ogre (shapeshifter) (Depths:2)
  16 centaur warriors
  52 dancing weapons
  2 death scarabs (Zig:14)
  5 boulder beetles
  5 death yaks (Lair:2)
  14 two-headed ogres
  4 deep troll shamans
  12 hell hogs
  3 orc high priests
  9 tengu warriors
  6 vampire magi
  10 demonic crawlers
  6 spriggan berserkers
  6 thrashing horrors (Abyss:3)
  5 deep troll earth magi
  A titan zombie (Crypt:3)
  4 occultists
  10 wretched stars (Abyss:3)
  15 skeletal warriors
  8 soul eaters
  6 spriggans
  20 sun demons
  18 deep elf knights
  5 hell knights (Depths:1)
  5 iron trolls (Depths:1)
  2 fire crabs (Abyss:3)
  An iron giant zombie (Crypt:1)
  2 skysharks
  4 shadow wraiths
  8 pharaoh ants
  5 sea snakes
  8 goliath frogs
  A spark wasp zombie (Depths:2)
  3 orb spiders
  A mana viper (shapeshifter) (Vaults:5)
  9 sixfirhies
  5 glowing orange brains
  9 bog bodies
  4 shadow demons
  15 swamp dragons
  8 arcanists
  7 flayed ghosts
  6 steelbarb worms
  18 ironbound convokers
  46 deep trolls
  2 shadow dragon zombies
  11 deep elf archers
  3 sun moths
  An obsidian statue (Zig:7)
  2 orange crystal statues (Zig:7)
  10 necromancers
  10 lindwurms
  A steelbarb worm (shapeshifter) (Vaults:5)
  12 orc knights
  18 large abominations
  19 deep elf zephyrmancers
  9 harpies
  4 orc sorcerers
  19 phantasmal warriors
  12 starcursed masses (Abyss:3)
  34 deep elf pyromancers
  24 wolf spiders
  2 shining eyes (shapeshifter) (Vaults:5)
  A salamander (shapeshifter) (Elf:3)
  A faun (shapeshifter) (Elf:3)
  3 worldbinders (Abyss:3)
  An oklob plant (Lair:3)
  Maurice (D:12)
  A meliai (shapeshifter) (Elf:3)
  7 cyclopes
  5 manticores
  5 shining eyes
  3 will-o-the-wisps
  An iron dragon skeleton (Crypt:1)
  18 ugly things
  A naga zombie (Crypt:3)
  3 black mambas
  A stone giant skeleton (Crypt:3)
  8 orange demons
  17 vault sentinels
  2 rust devils
  29 moths of wrath
  2 apocalypse crabs (Abyss:3)
  6 meliai
  An ice statue (Zig:7)
  A guardian serpent (Abyss:3)
  2 naga magi (Vaults:1)
  A merfolk siren (Zig:6)
  15 smoke demons
  10 torpor snails
  A black mamba (shapeshifter) (Elf:3)
  A guardian serpent (shapeshifter) (Vaults:5)
  15 elephants
  An eye of devastation (Slime:5)
  6 gargoyles
  7 cane toads
  7 hellions
  Joseph (D:8)
  A white draconian zombie (Crypt:1)
  3 unseen horrors
  2 centaur skeletons
  3 rime drakes
  A cane toad (shapeshifter) (Elf:3)
  2 efreet
  45 yaktaurs
  7 freezing wraiths
  10 ice devils
  4 tengu conjurers
  An alligator snapping turtle skeleton (Crypt:1)
  4 tormentors
  4 komodo dragons
  A polar bear (shapeshifter) (Elf:2)
  26 guardian mummies
  2 merfolk (Zig:6)
  8 ancient zymes (Abyss:3)
  5 red devils
  2 harpy zombies
  A shadow dragon simulacrum (Zig:5)
  9 trolls
  11 polar bears
  8 hellwings
  7 hornets
  An alligator simulacrum (Crypt:2)
  A tengu simulacrum (Vaults:2)
  6 tyrant leeches
  10 saltlings (Orc:2)
  A blink frog (shapeshifter) (D:15)
  18 blink frogs
  2 hydra skeletons
  24 tarantellas
  Prince Ribbit (D:5)
  4 dream sheep (Lair:5)
  2 glass eyes
  15 raiju
  4 harpy skeletons
  2 glass eyes (shapeshifter)
  69 slime creatures
  2 black mamba zombies
  A boulder beetle zombie (Crypt:2)
  4 vampires (Crypt:3)
  An ettin skeleton (Crypt:1)
  A spriggan (shapeshifter) (D:13)
  5 fire dragon skeletons (Crypt:3)
  21 jumping spiders
  5 shadows
  3 water elementals
  11 air elementals
  24 culicivoras
  3 wyverns
  11 ynoxinuls
  15 ushabtiu
  16 wraiths
  31 yaks
  A fire elemental (Zig:4)
  5 basilisks
  A golden eye (shapeshifter) (D:14)
  8 golden eyes
  A steam dragon (Lair:4)
  8 wargs
  4 neqoxecs
  5 vampire mosquitoes (D:12)
  A chaos spawn (Abyss:3)
  39 redbacks
  A spriggan simulacrum (Zig:5)
  9 swamp worms
  Edmund (D:6)
  A redback simulacrum (D:15)
  A glowing shapeshifter zombie (Depths:2)
  Duvessa (D:6)
  5 acid dragons
  An acid dragon (shapeshifter) (D:15)
  2 naga skeletons (Crypt:3)
  14 hell hounds
  A glowing shapeshifter skeleton (Crypt:2)
  17 water moccasins
  19 orc warriors
  13 black bears
  30 laughing skulls
  7 swamp drakes
  A deep troll skeleton (Crypt:3)
  A blink frog zombie (Crypt:1)
  3 ogres
  18 small abominations
  37 wolves
  16 centaurs
  2 human zombies (Vaults:4)
  2 gnoll sergeants
  3 weeping skulls (Abyss:3)
  10 bullfrogs
  4 earth elementals
  2 necrophages (Crypt:2)
  2 scorpions
  A glowing shapeshifter simulacrum (Vaults:4)
  12 wights
  Dowan (D:6)
  A polar bear zombie (Crypt:2)
  18 killer bees
  5 howler monkeys
  A troll skeleton (Crypt:2)
  An electric eel (D:15)
  A crimson imp (D:8)
  A lava snake (Lair:4)
  A quasit (Abyss:3)
  A bombardier beetle (D:5)
  2 hounds (D:5)
  A gnoll bouda (D:4)
  14 orc priests
  3 jellies
  An iguana (D:4)
  4 iron imps (Abyss:3)
  2 sleepcaps
  2 boggart zombies (Crypt:2)
  13 orc wizards
  3 hell rats (Zig:17)
  A nameless horror (D:7)
  An acid dragon zombie (Crypt:1)
  An ogre skeleton (Crypt:1)
  37 mummies
  10 gnolls
  7 adders
  A shadow imp (D:8)
  9 white imps
  2 ufetubi (Abyss:3)
  3 dart slugs
  2 ribbon worms (D:2)
  64 orcs
  4 endoplasms
  9 giant cockroaches
  13 goblins
  7 hobgoblins
  10 jackals
  5 quokkas
  9 ball pythons
  3 bats (D:1)
  3 frilled lizards
  4 kobolds
  4 rats
  3 aspiring fleshes
  8 starspawn tentacles (Abyss:3)
  2 tentacles (Abyss:3)
2832 creatures vanquished.

Vanquished Creatures (collateral kills)
  An Orb Guardian (D:1)
  A great orb of eyes (D:1)
  A hell beast (D:1)
  An alligator (Lair:3)
  A two-headed ogre (D:11)
  A smoke demon (D:1)
  2 polar bears
  3 hellwings (D:1)
  3 blink frogs (Lair:1)
  3 yaks
  A golden eye (D:1)
  A neqoxec (D:1)
  A water moccasin (Lair:2)
  An ogre (D:6)
  2 wights
  2 killer bees (D:9)
  2 orc priests (D:9)
  A shadow imp (D:6)
  10 orcs
38 creatures vanquished.

Vanquished Creatures (others)
  A pandemonium lord (Depths:3)
  A quicksilver dragon (Zot:4)
  A thorn hunter (Swamp:1)
  A fire giant (Depths:2)
  A draconian knight (Zot:4)
  A ghost moth (Zig:8)
  A hell beast (D:7)
  A centaur warrior (Vaults:4)
  2 deep elf knights
  A deep elf zephyrmancer (Elf:2)
  3 deep elf pyromancers
  A deep elf archer (Elf:1)
  2 cane toads (Lair:2)
  An orange demon (Depths:3)
  A hellion (Zig:12)
  2 slime creatures
  A vampire (D:11)
  A fire elemental (Elf:1)
  A neqoxec (Abyss:3)
  3 centaurs (D:11)
  A killer bee (D:11)
  3 foxfires (Swamp:4)
  3 lurking horrors (Abyss:3)
  15 starspawn tentacles (Abyss:3)
  6 tentacles (Abyss:3)
55 creatures vanquished.

Grand Total: 2925 creatures vanquished

Notes
Turn   | Place    | Note
-------+----------+-------------------------------------------
     0 | D:5      | bakla the Felid Delver began the quest for the Orb.
     0 | D:5      | Reached XP level 1. HP: 12/12 MP: 2/2
    26 | D:5      | Noticed a scorpion
    31 | D:5      | Killed a scorpion
    31 | D:5      | Succumbed to a scorpion's poison
    31 | D:5      | Lost a life (0 lives remaining)
    32 | D:5      | Reached skill level 1 in Shapeshifting
    32 | D:5      | Reached XP level 2. HP: 16/16 MP: 3/3
    32 | D:5      | Reached XP level 3. HP: 20/20 MP: 4/4
   156 | D:4      | Noticed an ogre
   179 | D:4      | Found a staircase to the Ecumenical Temple.
   284 | D:4      | Reached XP level 4. HP: 17/24 MP: 5/5
   284 | D:4      | Gained a life (1 life remaining)
   290 | Temple   | Entered the Ecumenical Temple
   380 | D:4      | Slain by a gnoll bouda
   380 | D:4      | Lost a life (0 lives remaining)
   549 | D:5      | Found a transporter.
   568 | D:5      | Found a transporter.
   861 | D:1      | Learned a level 3 spell: Call Canine Familiar
  1992 | D:2      | Reached skill level 1 in Summonings
  1992 | D:2      | Reached XP level 5. HP: 28/28 MP: 7/7
  2004 | D:2      | Learned a level 2 spell: Call Imp
  2029 | D:2      | Reached skill level 1 in Spellcasting
  2770 | D:3      | Found a blossoming altar of Fedhas.
  3282 | D:3      | Found a white marble altar of Elyvilon.
  3520 | D:4      | Found an ornate altar of the Wu Jian Council.
  3584 | D:4      | Became a worshipper of the Wu Jian Council
  3707 | D:4      | Gained mutation: You are covered in thick fur. (AC +2)
                  | [Felid growth]
  3707 | D:4      | Reached XP level 6. HP: 16/32 MP: 10/10
  4484 | D:5      | Reached * piety under Wu Jian
  4507 | D:5      | Reached XP level 7. HP: 37/37 MP: 12/12
  4507 | D:5      | Gained a life (1 life remaining)
  4697 | D:5      | Noticed Prince Ribbit
  4751 | D:5      | Killed Prince Ribbit
  5074 | D:6      | Found Rodghaqats's Distillery.
  5080 | D:6      | Bought a potion of curing for 39 gold pieces
  5080 | D:6      | Bought a potion of heal wounds for 65 gold pieces
  5080 | D:6      | Bought a potion of curing for 39 gold pieces
  5104 | D:6      | Bought a potion of enlightenment for 65 gold pieces
  5106 | D:6      | Noticed Edmund
  5110 | D:6      | Killed Edmund
  5266 | D:6      | Found Herph's Book Shoppe.
  5433 | D:6      | Reached skill level 5 in Dodging
  5445 | D:6      | Learned a level 1 spell: Summon Small Mammal
  5448 | D:6      | Learned a level 2 spell: Blink
  5457 | D:6      | Noticed Jeremiah
  5802 | D:7      | Reached XP level 8. HP: 36/40 MP: 10/13
  5836 | D:7      | Found a broken altar of Ashenzari.
  5837 | D:7      | Found Ekhlug's Magic Scroll Emporium.
  5837 | D:7      | Found the +1 Delatra's gloves {ID++}
  5933 | D:7      | Bought a scroll of teleportation for 45 gold pieces
  5933 | D:7      | Bought a scroll of teleportation for 45 gold pieces
  5933 | D:7      | Bought a scroll of teleportation for 45 gold pieces
  6443 | D:6      | Noticed Dowan
  6445 | D:6      | Noticed Duvessa
  6450 | D:6      | Killed Duvessa
  6465 | D:6      | Killed Dowan
  6804 | D:6      | Reached skill level 5 in Fighting
  6884 | D:6      | Found Lofiqopn's Book Shoppe.
  6959 | D:7      | Noticed an ice devil
  7049 | D:7      | Found an opulent altar of Gozag.
  7265 | D:8      | Found a hazy altar of Hepliaklqana.
  7297 | D:8      | Noticed Joseph
  7332 | D:8      | Killed Joseph
  7332 | D:8      | Reached ** piety under Wu Jian
  7424 | D:8      | Reached XP level 9. HP: 47/47 MP: 10/15
  7891 | D:9      | Noticed a two-headed ogre
  7891 | D:9      | Found a radiant altar of Vehumet.
  8310 | D:9      | Reached skill level 5 in Summonings
  8384 | D:9      | Found a staircase to the Orcish Mines.
  8621 | D:9      | Reached skill level 5 in Unarmed Combat
  8831 | D:9      | Found a glowing golden altar of the Shining One.
  8836 | D:9      | Found a basalt altar of Yredelemnul.
  9115 | D:9      | Noticed an ice dragon
  9115 | D:9      | Found the +2 shield of Resistance {rF++ rC++ Will++}
  9116 | D:9      | Found a runed translucent door.
  9116 | D:9      | Found a runed translucent door.
  9118 | D:9      | Noticed a fire dragon
  9118 | D:9      | Noticed an ice dragon
  9118 | D:9      | Noticed a fire dragon
  9263 | D:9      | Reached skill level 5 in Shapeshifting
  9406 | D:9      | Reached XP level 10. HP: 53/53 MP: 9/17
  9406 | D:9      | Gained a life (2 lives remaining)
  9506 | D:9      | Reached *** piety under Wu Jian
 10037 | D:9      | Noticed an angel
 10098 | D:10     | Entered Level 10 of the Dungeon
 10444 | D:10     | Noticed a two-headed ogre
 10451 | D:10     | Killed a two-headed ogre
 11307 | D:10     | Noticed a gargoyle
 11307 | D:10     | Noticed a two-headed ogre
 11308 | D:10     | Killed a two-headed ogre
 11309 | D:10     | Killed a gargoyle
 11848 | D:10     | Found a bloodstained altar of Trog.
 11851 | D:10     | Found an ancient bone altar of Kikubaaqudgha.
 12375 | D:11     | Reached XP level 11. HP: 38/59 MP: 9/18
 12590 | D:11     | Noticed a brown ugly thing
 12596 | D:11     | Noticed a two-headed ogre
 12622 | D:11     | Noticed a two-headed ogre
 13097 | D:11     | Killed a brown ugly thing
 13401 | D:11     | Killed a two-headed ogre
 13402 | D:11     | Reached skill level 10 in Dodging
 13402 | D:11     | Reached skill level 1 in Translocations
 13639 | D:11     | Found a staircase to the Lair.
 13661 | D:11     | Found a runed translucent door.
 13664 | D:11     | Identified the +4 trident of the Tooth {flame, rF+ rCorr
                  | Int-3}
 13665 | D:11     | Noticed ChongLi's ghost (journeyman DgAE)
 13990 | D:11     | Killed a two-headed ogre
 14357 | D:12     | Noticed a boulder beetle
 14359 | D:12     | Killed a boulder beetle
 14449 | Lair:1   | Entered Level 1 of the Lair of Beasts
 14781 | Lair:1   | Reached **** piety under Wu Jian
 15337 | Lair:1   | Noticed Harold
 15660 | Lair:1   | Killed Harold
 15969 | Lair:1   | Gained mutation: Your thick and shaggy fur keeps you warm.
                  | (AC +3, rC+) [Felid growth]
 15969 | Lair:1   | Reached XP level 12. HP: 51/66 MP: 16/19
 16042 | Lair:2   | Noticed a death yak
 16042 | Lair:2   | Noticed a death yak
 16042 | Lair:2   | Noticed a death yak
 16042 | Lair:2   | Noticed a death yak
 16549 | Lair:2   | Noticed Gastronok
 16643 | Lair:2   | Killed Gastronok
 16729 | Lair:2   | Noticed a death yak
 16972 | Lair:2   | Slain by a komodo dragon
 16972 | Lair:2   | Lost a life (1 life remaining)
 17464 | Lair:2   | Identified the +8 war axe "Cocuulen" {flame, Str+2 SInv}
 17473 | Lair:2   | Killed a death yak
 17489 | Lair:2   | Killed a death yak
 17725 | Lair:2   | Reached skill level 10 in Shapeshifting
 17894 | Lair:2   | Noticed a four-headed hydra
 17953 | Lair:2   | Killed a four-headed hydra
 18194 | Lair:2   | Found a hole to the Spider Nest.
 18258 | Lair:2   | Reached skill level 10 in Fighting
 18259 | Lair:2   | Identified the +1 hand axe of Premature Burial {freeze,
                  | rC+}
 18410 | Lair:2   | Noticed a death yak
 18414 | Lair:2   | Noticed a death yak
 18479 | Lair:2   | Killed a death yak
 18492 | Lair:2   | Killed a death yak
 18493 | Lair:2   | Reached skill level 10 in Unarmed Combat
 18504 | Lair:2   | Killed a death yak
 19231 | Lair:3   | Reached XP level 13. HP: 58/72 MP: 11/20
 19231 | Lair:3   | Gained a life (2 lives remaining)
 19874 | Lair:3   | Learned a level 1 spell: Apportation
 20012 | Lair:3   | Found a staircase to the Swamp.
 21403 | Lair:4   | Reached ***** piety under Wu Jian
 21777 | Lair:4   | Identified the +4 scale mail "Ritodyok" {rElec rC- rN+}
 21876 | Lair:5   | Entered Level 5 of the Lair of Beasts
 22221 | Lair:5   | Reached XP level 14. HP: 53/77 MP: 18/21
 22555 | Lair:5   | Found a viscous altar of Jiyva.
 22555 | Lair:5   | Found a staircase to the Slime Pits.
 23139 | Lair:5   | Reached skill level 15 in Shapeshifting
 23266 | Lair:5   | Reached ****** piety under Wu Jian
 24062 | D:12     | Noticed Maurice
 24079 | D:12     | Killed Maurice
 24277 | D:13     | Noticed Snorg
 24569 | D:13     | Noticed Nessos
 24574 | D:13     | Nessos changed into Nessos the redback
 24574 | D:13     | Noticed Nessos
 24579 | D:13     | Killed Nessos the redback
 24596 | D:13     | Killed Snorg
 24619 | D:13     | Reached skill level 10 in Stealth
 24766 | D:7      | Found the +8 frozen axe "Frostbite" {freeze, freezing
                  | cloud, *Noise Fly rC+}
 25007 | D:6      | Bought a book of Battle for 260 gold pieces
 25011 | D:6      | Learned a level 3 spell: Fugue of the Fallen
 25195 | D:13     | Found a gate to the Vaults.
 25466 | D:13     | Noticed Erolcha
 25472 | D:13     | Killed Erolcha
 25587 | D:14     | Reached skill level 1 in Necromancy
 25693 | D:14     | Reached XP level 15. HP: 81/81 MP: 22/22
 26274 | D:15     | Entered Level 15 of the Dungeon
 26455 | D:15     | Found a staircase to the Depths.
 27135 | Orc:1    | Entered Level 1 of the Orcish Mines
 27182 | Orc:1    | Found a burning altar of Makhleb.
 27629 | Orc:2    | Entered Level 2 of the Orcish Mines
 27780 | Orc:2    | Noticed Rupert
 27799 | Orc:2    | Killed Rupert
 28000 | Orc:2    | Found Raggum's Weapon Emporium.
 28075 | Orc:2    | Found Pef Diov's CLEARANCE SALE!.
 28084 | Orc:2    | Bought a potion of cancellation for 56 gold pieces
 28165 | Orc:2    | Found a staircase to the Elven Halls.
 28273 | Orc:2    | Found Tofont's Weapon Shop.
 28772 | Orc:2    | Found Ikalif's Antique Weapon Shoppe.
 28779 | Orc:2    | Found Goezxec's Magic Scroll Shoppe.
 28782 | Orc:2    | Found Ofio's Antique Armour Shoppe.
 28804 | Orc:2    | Bought a scroll of teleportation for 39 gold pieces
 28804 | Orc:2    | Bought a scroll of teleportation for 39 gold pieces
 28804 | Orc:2    | Bought a scroll of teleportation for 39 gold pieces
 28804 | Orc:2    | Bought a scroll of revelation for 97 gold pieces
 28804 | Orc:2    | Bought 2 scrolls of teleportation for 78 gold pieces
 28804 | Orc:2    | Bought a scroll of immolation for 52 gold pieces
 28906 | Elf:1    | Entered Level 1 of the Elven Halls
 28931 | Elf:1    | Found a shimmering blue altar of Sif Muna.
 28945 | Elf:1    | Paralysed by an air elemental for 1 turns
 28966 | Elf:1    | HP: 4/109 [deep elf archer/arrow (20)]
 28982 | Elf:1    | Paralysed by an air elemental for 1 turns
 29030 | Elf:1    | Paralysed by an air elemental for 1 turns
 29098 | Elf:1    | Slain by a deep elf archer
 29098 | Elf:1    | Lost a life (1 life remaining)
 29108 | Elf:1    | Found a shimmering blue altar of Sif Muna.
 29129 | Elf:1    | Found a portal to a secret trove of treasure.
 29133 | Elf:1    | Paralysed by an air elemental for 1 turns
 29361 | Elf:1    | Reached XP level 16. HP: 88/88 MP: 23/23
 29361 | Elf:1    | Gained a life (2 lives remaining)
 30028 | Swamp:1  | Entered Level 1 of the Swamp
 30085 | Swamp:1  | Noticed Jorgrun
 30090 | Swamp:1  | Killed Jorgrun
 30090 | Swamp:1  | Reached skill level 5 in Necromancy
 30230 | Swamp:1  | Noticed a thorn hunter
 30231 | Swamp:1  | Noticed Nikola
 30237 | Swamp:1  | Killed a thorn hunter
 30259 | Swamp:1  | Killed Nikola
 31434 | Swamp:2  | Noticed Frances
 31443 | Swamp:2  | Killed Frances
 31697 | Swamp:4  | Entered Level 4 of the Swamp
 31793 | Swamp:4  | Noticed the 27-headed Lernaean hydra
 31794 | Swamp:4  | Reached skill level 15 in Dodging
 31809 | Swamp:4  | Killed the 27-headed Lernaean hydra
 31826 | Swamp:4  | Reached XP level 17. HP: 14/96 MP: 24/24
 31856 | Swamp:4  | Got a decaying rune of Zot
 32372 | Spider:1 | Entered Level 1 of the Spider Nest
 32401 | Lair:2   | Slain by an entropy weaver
 32401 | Lair:2   | Lost a life (1 life remaining)
 33130 | Spider:3 | Identified the +3 trident of Intimidation {drain, ^Drain
                  | rElec rN+++ Str+6}
 33216 | Spider:3 | Found a runed translucent door.
 33216 | Spider:3 | Noticed Cumifues's ghost (journeyman MiMo)
 33276 | Spider:4 | Entered Level 4 of the Spider Nest
 33655 | Spider:4 | Noticed Donald
 33660 | Spider:4 | Killed Donald
 33916 | Spider:4 | Reached skill level 15 in Fighting
 34404 | Spider:4 | Reached skill level 15 in Unarmed Combat
 34595 | Spider:4 | Reached XP level 18. HP: 104/104 MP: 25/25
 34618 | Spider:4 | Got a gossamer rune of Zot
 35372 | Elf:2    | Noticed Zenata
 35764 | Elf:2    | Found an ancient bone altar of Kikubaaqudgha.
 35793 | Elf:2    | Got the Anthology of the Familiar
 35825 | Elf:2    | Killed Zenata
 36112 | Elf:2    | Found a runed translucent gate.
 36113 | Elf:2    | Found a runed translucent gate.
 36113 | Elf:2    | Found a runed translucent gate.
 36296 | Elf:2    | Found Gonguff's Book Shoppe.
 36387 | Elf:3    | Entered Level 3 of the Elven Halls
 36387 | Elf:3    | Found Voekuytu's Assorted Antiques.
 36413 | Elf:3    | Bought a potion of haste for 370 gold pieces
 36413 | Elf:3    | Bought a scroll of immolation for 148 gold pieces
 36413 | Elf:3    | Bought a potion of mutation for 296 gold pieces
 36612 | Elf:3    | Identified the +2 robe of Devotion {Rampage rCorr Dex-3
                  | Archmagi}
 36647 | Elf:3    | Killed from afar by a deep elf elementalist
 36647 | Elf:3    | Lost a life (0 lives remaining)
 36885 | Elf:3    | Identified the +6 mace "Revimm" {heavy, rElec MP+9}
 37037 | Elf:3    | Noticed a Brimstone Fiend
 37876 | Elf:3    | Got the Cyclopedia of the Comitatus and the Syncline
 38040 | Elf:3    | Reached XP level 19. HP: 110/110 MP: 26/26
 38040 | Elf:3    | Gained a life (1 life remaining)
 38212 | Elf:3    | Found the +15 Maxwell's patent armour {-Cast -Tele rElec
                  | Will+ rCorr}
 38484 | Vaults:1 | Entered Level 1 of the Vaults
 38552 | Vaults:1 | Reached skill level 15 in Stealth
 38769 | Vaults:1 | Identified the serpent talisman "Filialy" {Str+5 Stlth-}
 38769 | Vaults:1 | Noticed Aizul
 38775 | Vaults:1 | Killed Aizul
 39377 | Vaults:1 | Found a radiant altar of Vehumet.
 39377 | Vaults:1 | Found the +3 crown of Dyrovepreva {rElec Int+2 SInv}
 40384 | Vaults:2 | Noticed Asterion
 40388 | Vaults:2 | Killed Asterion
 40739 | Vaults:2 | Found a staircase to the Crypt.
 40863 | Vaults:2 | Identified a scroll of acquirement
 40864 | Vaults:2 | Acquired a manual of Shapeshifting
 41481 | Vaults:3 | Reached XP level 20. HP: 117/117 MP: 23/27
 41913 | Vaults:3 | Found Kapirch's Book Boutique.
 42477 | Vaults:4 | Identified the +2 cloak "Gorav" {rElec rCorr Str+6 Int-2}
 42614 | Vaults:4 | Noticed Saint Roka
 44187 | Vaults:4 | Killed Saint Roka
 44414 | Vaults:5 | Entered Level 5 of the Vaults
 44426 | Vaults:5 | Reached XP level 21. HP: 124/124 MP: 28/28
 44477 | Vaults:5 | Noticed an ancient lich
 44480 | Vaults:5 | Killed an ancient lich
 44491 | Vaults:5 | Got a silver rune of Zot
 44516 | Vaults:5 | Noticed an ancient lich
 44517 | Vaults:5 | Identified the +0 arbalest of Honour {heavy, Stlth+}
 44518 | Vaults:5 | Noticed a golden dragon
 44529 | Vaults:5 | Killed an ancient lich
 44535 | Vaults:5 | Killed a golden dragon
 44683 | Vaults:5 | Reached XP level 22. HP: 131/131 MP: 29/29
 44683 | Vaults:5 | Gained a life (2 lives remaining)
 45165 | Vaults:5 | Noticed a golden dragon
 45166 | Vaults:5 | Noticed a golden dragon
 45170 | Vaults:5 | Killed a golden dragon
 45173 | Vaults:5 | Killed a golden dragon
 45258 | Vaults:5 | Identified the ring "Neucedi" {^Drain rElec rCorr Str+4
                  | Dex+6}
 45304 | Vaults:5 | Reached XP level 23. HP: 96/137 MP: 30/30
 45745 | Vaults:5 | Identified the +9 ring mail of Limitation {-Tele rN++
                  | Str+6}
 45746 | Vaults:5 | Identified the ring of Tender Moments {^Contam rPois rC+
                  | Will+}
 45775 | Vaults:5 | Identified the +7 leather armour "Ceragas" {Rampage *Slow
                  | Int+6 Dex+3}
 45794 | Vaults:5 | Got the Anthology of the Hapless Autopsy
 45979 | Vaults:5 | Identified the staff of Sunlight {Stlth+ Ice Earth}
 46430 | Depths:1 | Entered Level 1 of the Depths
 46597 | Depths:1 | Found a transporter.
 46601 | Depths:1 | Noticed Dazliare's ghost (veteran BaEE)
 46609 | Depths:1 | Noticed a caustic shrike
 47033 | Depths:1 | Found a transporter.
 47071 | Depths:1 | Found a one-way gate to the infinite horrors of the Abyss.
 47147 | Depths:1 | Found a gateway to Hell.
 47696 | Depths:2 | Found a one-way gate leading to the halls of Pandemonium.
 48173 | Depths:2 | Found a burning altar of Makhleb.
 48429 | Depths:3 | Found a one-way gateway to a ziggurat.
 48445 | Depths:3 | Found a transporter.
 48461 | Depths:3 | Found Betsoyts's Jewellery Shoppe.
 48463 | Depths:3 | Found Buehio's Book Boutique.
 48464 | Depths:3 | Found Orhon's Jewellery Shoppe.
 48473 | Depths:3 | Bought an amulet of regeneration for 600 gold pieces
 48548 | Depths:3 | Found a transporter.
 48549 | Depths:3 | Noticed Boris
 48557 | Depths:3 | Killed Boris
 48942 | Depths:3 | Noticed a juggernaut
 48969 | Depths:3 | Killed a juggernaut
 49297 | Depths:3 | Voluntarily entered the Abyss.
 49334 | Abyss:2  | Found a corrupted altar of Lugonu.
 49352 | Abyss:2  | Found a corrupted altar of Lugonu.
 49403 | Abyss:3  | Found a corrupted altar of Lugonu.
 49650 | Abyss:3  | Found a corrupted altar of Lugonu.
 49673 | Abyss:3  | Noticed a dread lich
 49683 | Abyss:3  | Noticed an ancient lich
 49704 | Abyss:3  | Reached XP level 24. HP: 142/142 MP: 25/30
 49709 | Abyss:3  | Killed an ancient lich
 49746 | Abyss:3  | Found a corrupted altar of Lugonu.
 49847 | Abyss:3  | Killed a dread lich
 50145 | Abyss:3  | Got an abyssal rune of Zot
 50250 | Depths:3 | Escaped the Abyss
 50275 | Depths:3 | Gained mutation: Your natural rate of healing is unusually
                  | fast. [potion of mutation]
 50535 | Slime:1  | Entered Level 1 of the Pits of Slime
 50563 | Slime:2  | Gained mutation: You occasionally lose the ability to read
                  | scrolls when taking damage. [a shining eye]
 51089 | Slime:5  | Entered Level 5 of the Pits of Slime
 51136 | Slime:5  | Noticed the Royal Jelly
 51140 | Slime:5  | Killed the Royal Jelly
 51172 | Slime:5  | Gained mutation: You are frail. (-10% HP) [a shining eye]
 51221 | Slime:5  | Got the Notes on the Twisted Pyre
 51236 | Slime:5  | Identified the amulet "Afruseu" {Reflect rF+ SH+5 SInv}
 51237 | Slime:5  | Identified the ring of Lafitirr {rPois Will+}
 51244 | Slime:5  | Identified the staff of Okhaun {rF+ rC- Int+5 Earth}
 51268 | Slime:5  | Found the +7 great mace "Undeadhunter" {deathbane, rN+}
 51282 | Slime:5  | Identified the +0 pair of boots "Ucwoetih" {Dex+2}
 51358 | Slime:5  | Identified the +1 mace of the Mind {pain, Str+2}
 51360 | Slime:5  | Got a slimy rune of Zot
 51361 | Slime:5  | Identified the staff "Jaeck" {rF+ rN+ Str+2 Fire Air}
 51668 | Depths:4 | Entered Level 4 of the Depths
 51810 | Depths:4 | Reached XP level 25. HP: 133/133 MP: 30/30
 52017 | Depths:4 | Noticed Jory
 52026 | Depths:4 | Killed Jory
 52027 | Depths:4 | Noticed Boris
 52035 | Depths:4 | Killed Boris
 52059 | Depths:4 | Noticed a juggernaut
 52072 | Depths:4 | Killed a juggernaut
 52206 | Depths:4 | Found a gate to the Realm of Zot.
 52368 | Zig:1    | Entered Level 1 of a ziggurat
 52382 | Zig:2    | Entered Level 2 of a ziggurat
 52400 | Zig:3    | Entered Level 3 of a ziggurat
 52401 | Zig:3    | Noticed Astrahamo the pandemonium lord
 52401 | Zig:3    | Found the +3 pair of gauntlets of War {Slay+5}
 52411 | Zig:3    | Killed Astrahamo the pandemonium lord
 52415 | Zig:4    | Entered Level 4 of a ziggurat
 52439 | Zig:5    | Entered Level 5 of a ziggurat
 52463 | Zig:6    | Entered Level 6 of a ziggurat
 52489 | Zig:7    | Entered Level 7 of a ziggurat
 52494 | Zig:7    | Noticed a dread lich
 52512 | Zig:7    | Killed a dread lich
 52519 | Zig:7    | Identified the ring "Awnidi" {rPois rCorr MP+9 Int+2}
 52528 | Zig:8    | Entered Level 8 of a ziggurat
 52566 | Zig:9    | Entered Level 9 of a ziggurat
 52572 | Zig:9    | Noticed bakla's ghost (veteran FeDe)
 52572 | Zig:9    | Noticed bakla's ghost (veteran FeDe)
 52590 | Zig:9    | Killed bakla's ghost
 52602 | Zig:9    | Killed bakla's ghost
 52609 | Zig:10   | Entered Level 10 of a ziggurat
 52617 | Zig:10   | Noticed an ancient lich
 52620 | Zig:10   | Noticed an ancient lich
 52638 | Zig:10   | Killed an ancient lich
 52638 | Zig:10   | Killed an ancient lich
 52657 | Zig:11   | Entered Level 11 of a ziggurat
 52710 | Zig:12   | Entered Level 12 of a ziggurat
 52723 | Zig:12   | Noticed Ruimeom the pandemonium lord
 52756 | Zig:13   | Entered Level 13 of a ziggurat
 52766 | Zig:13   | Noticed a royal mummy
 52767 | Zig:13   | Noticed a royal mummy
 52768 | Zig:13   | Noticed a royal mummy
 52768 | Zig:13   | Noticed a royal mummy
 52774 | Zig:13   | Noticed a royal mummy
 52781 | Zig:13   | Noticed a royal mummy
 52782 | Zig:13   | Killed a royal mummy
 52791 | Zig:13   | Killed a royal mummy
 52792 | Zig:13   | Killed a royal mummy
 52805 | Zig:13   | Killed a royal mummy
 52814 | Zig:13   | Identified the +8 battleaxe "Ewnu" {drain, ^Contam Fly
                  | rPois rF+++}
 52816 | Zig:14   | Entered Level 14 of a ziggurat
 52825 | Zig:14   | Noticed a royal mummy
 52844 | Zig:14   | Found the brooch of Shielding {Spirit SH+8}
 52855 | Zig:14   | Identified the amulet "Enoji" {Reflect ^Contam Rampage
                  | +Blink SH+5}
 52858 | Zig:15   | Entered Level 15 of a ziggurat
 52867 | Zig:15   | Noticed an ancient lich
 52869 | Zig:15   | Noticed an ancient lich
 52869 | Zig:15   | Noticed a dread lich
 52870 | Zig:15   | Noticed a dread lich
 52870 | Zig:15   | Noticed an ancient lich
 52872 | Zig:15   | Killed an ancient lich
 52876 | Zig:15   | Noticed an ancient lich
 52881 | Zig:15   | Killed a dread lich
 52883 | Zig:15   | Killed an ancient lich
 52884 | Zig:15   | Reached XP level 26. HP: 55/140 MP: 30/30
 52907 | Zig:15   | Killed an ancient lich
 52908 | Zig:15   | Killed an ancient lich
 52913 | Zig:15   | Found the +10 zealot's sword {holy, Zealotry, *Rage rN+
                  | EV+3}
 52924 | Zig:15   | Killed a dread lich
 53010 | Zig:15   | Got the Codex of the Traveller
 53017 | Zig:15   | Got the Lessons on the Blizzard
 53018 | Zig:15   | Identified the +10 shortbow "Egroqe" {freeze, rF+ Dex+2}
 53058 | Zig:15   | Upgraded the game from 0.31.0 to 0.31.0-2-g5a2aebc5c2
 53063 | Zig:15   | Reached XP level 27. HP: 144/144 MP: 30/30
 53088 | Zig:16   | Entered Level 16 of a ziggurat
 53117 | Zig:16   | Found the +7 Spriggan's Knife {stab, EV+4 Stlth+}
 53158 | Zig:16   | Identified the ring of Incredulity {Will++ Int+6}
 53169 | Zig:17   | Entered Level 17 of a ziggurat
 53236 | Zig:17   | Mangled by a reaper
 53236 | Zig:17   | Lost a life (1 life remaining)
 53343 | Zig:18   | Entered Level 18 of a ziggurat
 53362 | Zig:18   | Noticed Buiff the pandemonium lord
 53432 | Depths:3 | Lost mutation: You are frail. (-10% HP) [potion of
                  | mutation]
 53432 | Depths:3 | Lost mutation: You occasionally lose the ability to read
                  | scrolls when taking damage. [potion of mutation]
 53432 | Depths:3 | Gained mutation: You have a pair of small horns on your
                  | head. [potion of mutation]
 53432 | Depths:3 | Gained mutation: You have very sharp fingernails. [potion
                  | of mutation]
 53432 | Depths:3 | Gained mutation: You occasionally lose the ability to read
                  | scrolls when taking damage. [potion of mutation]
 53432 | Depths:3 | Gained mutation: You are robust. (+10% HP) [potion of
                  | mutation]
 53433 | Depths:3 | Lost mutation: You have very sharp fingernails. [potion of
                  | mutation]
 53433 | Depths:3 | Lost mutation: Your natural rate of healing is unusually
                  | fast. [potion of mutation]
 53433 | Depths:3 | Lost mutation: You occasionally lose the ability to read
                  | scrolls when taking damage. [potion of mutation]
 53463 | Zot:1    | Entered Level 1 of the Realm of Zot
 53519 | Zot:1    | Reached skill level 1 in Invocations
 53538 | Zot:1    | Reached skill level 2 in Invocations
 53567 | Zot:1    | Reached skill level 3 in Invocations
 53704 | Zot:1    | Reached skill level 4 in Invocations
 53823 | Zot:1    | Reached skill level 5 in Invocations
 53837 | Zot:1    | Reached skill level 6 in Invocations
 54070 | Zot:1    | Reached skill level 7 in Invocations
 54173 | Zot:2    | Reached skill level 8 in Invocations
 54221 | Zot:2    | Reached skill level 9 in Invocations
 54480 | Zot:2    | Reached skill level 10 in Invocations
 54628 | Zot:2    | Noticed an orb of fire
 54631 | Zot:2    | Killed an orb of fire
 54631 | Zot:2    | Reached skill level 11 in Invocations
 54774 | Zot:2    | Noticed an ancient lich
 54783 | Zot:2    | Killed an ancient lich
 54951 | Zot:2    | Reached skill level 12 in Invocations
 55543 | Crypt:1  | Entered Level 1 of the Crypt
 55606 | Crypt:1  | Gained a life (2 lives remaining)
 55754 | Crypt:1  | Reached skill level 13 in Invocations
 56334 | Crypt:2  | Reached skill level 14 in Invocations
 56857 | Crypt:3  | Entered Level 3 of the Crypt
 57101 | Crypt:3  | Reached skill level 15 in Invocations
 57371 | Crypt:3  | Identified the ring "Tufion" {rF- rN+ Will+++ Str-5 Int+6}
 57662 | Crypt:3  | Found a staircase to the Tomb.
 57731 | Crypt:3  | Reached skill level 16 in Invocations
 57773 | Crypt:3  | Found an ancient bone altar of Kikubaaqudgha.
 57840 | Crypt:3  | Noticed an ancient lich
 57845 | Crypt:3  | Killed an ancient lich
 58246 | Tomb:1   | Entered Level 1 of the Tomb of the Ancients
 58375 | Tomb:1   | Reached skill level 17 in Invocations
 58393 | Tomb:1   | Noticed a royal mummy
 58408 | Tomb:1   | Killed a royal mummy
 58875 | Tomb:1   | Noticed a royal mummy
 58893 | Tomb:1   | Killed a royal mummy
 59503 | Tomb:2   | Noticed a royal mummy
 59503 | Tomb:2   | Noticed a royal mummy
 59512 | Tomb:2   | Killed a royal mummy
 59521 | Tomb:2   | Killed a royal mummy
 59522 | Tomb:2   | Reached skill level 18 in Invocations
 59522 | Tomb:2   | Noticed a royal mummy
 59522 | Tomb:2   | Noticed a royal mummy
 59528 | Tomb:2   | Noticed a royal mummy
 59535 | Tomb:2   | Killed a royal mummy
 59536 | Tomb:2   | Killed a royal mummy
 59541 | Tomb:2   | Killed a royal mummy
 59674 | Tomb:1   | Noticed a royal mummy
 59674 | Tomb:1   | Noticed a royal mummy
 59674 | Tomb:1   | Noticed a royal mummy
 59676 | Tomb:1   | Noticed a royal mummy
 59676 | Tomb:1   | Noticed a royal mummy
 59679 | Tomb:1   | Noticed a royal mummy
 59682 | Tomb:1   | Killed a royal mummy
 59688 | Tomb:1   | Killed a royal mummy
 59689 | Tomb:1   | Reached skill level 19 in Invocations
 59689 | Tomb:1   | Noticed a royal mummy
 59691 | Tomb:1   | Killed a royal mummy
 59694 | Tomb:1   | Killed a royal mummy
 59702 | Tomb:1   | HP: 5/179 [emperor scorpion[a royal mummy] (8)]
 59702 | Tomb:1   | Demolished by a death scarab
 59702 | Tomb:1   | Lost a life (1 life remaining)
 59763 | Tomb:1   | Noticed a royal mummy
 59772 | Tomb:1   | Noticed a royal mummy
 59791 | Tomb:1   | Killed a royal mummy
 59803 | Tomb:1   | Killed a royal mummy
 59805 | Tomb:1   | Noticed a royal mummy
 59810 | Tomb:1   | Noticed a royal mummy
 59812 | Tomb:1   | Noticed a royal mummy
 60162 | Tomb:1   | Noticed a royal mummy
 60167 | Tomb:1   | Killed a royal mummy
 60176 | Tomb:1   | HP: 8/179 [royal mummy/divine providence (11)]
 60176 | Tomb:1   | Slain by a royal mummy
 60176 | Tomb:1   | Lost a life (0 lives remaining)
 61241 | Zot:3    | Reached skill level 20 in Invocations
 61363 | Zot:3    | Gained a life (1 life remaining)
 62281 | Zot:4    | Reached skill level 21 in Invocations
 62781 | Zot:4    | Reached skill level 22 in Invocations
 62822 | Zot:4    | Gained mutation: You are dopey. (Int -2) [mutagenic glow]
 62835 | Zot:4    | Gained mutation: Your body sometimes deteriorates upon
                  | taking damage. [mutagenic glow]
 62845 | Zot:4    | Noticed an ancient lich
 62981 | Zot:4    | Killed an ancient lich
 63008 | Zot:4    | Found a stormy altar of Qazlal.
 63206 | Zot:4    | Lost mutation: You are dopey. (Int -2) [potion of mutation]
 63206 | Zot:4    | Lost mutation: You have a pair of small horns on your head.
                  | [potion of mutation]
 63206 | Zot:4    | Gained mutation: Your system is resistant to poisons.
                  | (rPois) [potion of mutation]
 63207 | Zot:4    | Lost mutation: You are robust. (+10% HP) [potion of
                  | mutation]
 63207 | Zot:4    | Lost mutation: Your system is resistant to poisons. (rPois)
                  | [potion of mutation]
 63207 | Zot:4    | Lost mutation: Your body sometimes deteriorates upon taking
                  | damage. [potion of mutation]
 63207 | Zot:4    | Gained mutation: Your spells are a little easier to cast,
                  | but a little less powerful. [potion of mutation]
 63208 | Zot:4    | Lost mutation: Your spells are a little easier to cast, but
                  | a little less powerful. [potion of mutation]
 63208 | Zot:4    | Gained mutation: You are partially covered in iridescent
                  | scales. (AC +2) [potion of mutation]
 63208 | Zot:4    | Gained mutation: You are agile. (Dex +4, Str/Int -1)
                  | [potion of mutation]
 63208 | Zot:4    | Gained mutation: Your natural rate of healing is unusually
                  | fast. [potion of mutation]
 63208 | Zot:4    | Gained mutation: You expend magic power (3 MP) to
                  | strengthen your wands. [potion of mutation]
 63262 | Zot:5    | Entered Level 5 of the Realm of Zot
 63571 | Zot:5    | Reached skill level 23 in Invocations
 63610 | Zot:5    | Noticed an ancient lich
 63614 | Zot:5    | Noticed an orb of fire
 63618 | Zot:5    | Gained mutation: You occasionally lose the ability to read
                  | scrolls when taking damage. [an orb of fire]
 63620 | Zot:5    | Noticed an orb of fire
 63621 | Zot:5    | Gained mutation: You have hidden genetic defects. [an orb
                  | of fire]
 63622 | Zot:5    | Killed an orb of fire
 63624 | Zot:5    | Gained mutation: You are vulnerable to cold. (rC-) [an orb
                  | of fire]
 63628 | Zot:5    | Killed an orb of fire
 63696 | Zot:5    | Noticed an orb of fire
 63697 | Zot:5    | Reached skill level 24 in Invocations
 63697 | Zot:5    | Killed an orb of fire
 63712 | Zot:5    | Gained mutation: Your health recovers twice as slowly from
                  | being drained. [hidden defects]
 63734 | Zot:5    | Noticed a dread lich
 63742 | Zot:5    | Killed a dread lich
 63743 | Zot:5    | Reached skill level 25 in Invocations
 63800 | Zot:5    | Got the Orb of Zot
 63837 | Zot:5    | Killed an ancient lich
 63941 | Depths:4 | Noticed Baomah the pandemonium lord
 63946 | Depths:4 | Killed Baomah the pandemonium lord
 63958 | Depths:3 | Noticed Uhefuon the pandemonium lord
 63965 | Depths:3 | Killed Uhefuon the pandemonium lord
 63980 | Depths:3 | Noticed Quzxueg the pandemonium lord
 63983 | Depths:3 | Killed Quzxueg the pandemonium lord
 64144 | D:8      | Gained mutation: You are frail. (-10% HP) [hidden defects]
 64144 | D:8      | Lost mutation: You have hidden genetic defects. [hidden
                  | defects expressed]
 64145 | D:8      | Lost mutation: You are agile. (Dex +4, Str/Int -1) [potion
                  | of mutation]
 64145 | D:8      | Lost mutation: Your natural rate of healing is unusually
                  | fast. [potion of mutation]
 64145 | D:8      | Lost mutation: Your health recovers twice as slowly from
                  | being drained. [potion of mutation]
 64145 | D:8      | Gained mutation: You are vulnerable to heat. (rF-) [potion
                  | of mutation]
 64145 | D:8      | Gained mutation: Potions are less effective at restoring
                  | your health. [potion of mutation]
 64145 | D:8      | Gained mutation: You possess an exceptional clarity of
                  | mind. [potion of mutation]
 64146 | D:8      | Lost mutation: You are vulnerable to cold. (rC-) [potion of
                  | mutation]
 64146 | D:8      | Lost mutation: Potions are less effective at restoring your
                  | health. [potion of mutation]
 64146 | D:8      | Gained mutation: You sometimes lose the ability to read
                  | scrolls when taking damage. [potion of mutation]
 64146 | D:8      | Lost mutation: You possess an exceptional clarity of mind.
                  | [potion of mutation]
 64146 | D:8      | Gained mutation: Your flesh is cold resistant. (rC+)
                  | [potion of mutation]
 64147 | D:8      | Lost mutation: You are frail. (-10% HP) [potion of
                  | mutation]
 64147 | D:8      | Lost mutation: Your flesh is cold resistant. (rC+) [potion
                  | of mutation]
 64147 | D:8      | Gained mutation: You are partially covered in large bone
                  | plates. (SH +4) [potion of mutation]
 64147 | D:8      | Gained mutation: Your system is resistant to poisons.
                  | (rPois) [potion of mutation]
 64147 | D:8      | Lost mutation: You sometimes lose the ability to read
                  | scrolls when taking damage. [potion of mutation]
 64148 | D:8      | Lost mutation: Your system is resistant to poisons. (rPois)
                  | [potion of mutation]
 64148 | D:8      | Lost mutation: You are partially covered in large bone
                  | plates. (SH +4) [potion of mutation]
 64148 | D:8      | Lost mutation: You are partially covered in iridescent
                  | scales. (AC +2) [potion of mutation]
 64148 | D:8      | Gained mutation: You have hidden genetic defects. [potion
                  | of mutation]
 64149 | D:8      | Lost mutation: You expend magic power (3 MP) to strengthen
                  | your wands. [potion of mutation]
 64149 | D:8      | Lost mutation: You are vulnerable to heat. (rF-) [potion of
                  | mutation]
 64149 | D:8      | Lost mutation: You occasionally lose the ability to read
                  | scrolls when taking damage. [potion of mutation]
 64149 | D:8      | Gained mutation: You are frail. (-10% HP) [potion of
                  | mutation]
 64149 | D:8      | Gained mutation: You possess an exceptional clarity of
                  | mind. [potion of mutation]
 64150 | D:8      | Lost mutation: You are frail. (-10% HP) [potion of
                  | mutation]
 64150 | D:8      | Lost mutation: You have hidden genetic defects. [potion of
                  | mutation]
 64150 | D:8      | Gained mutation: You are robust. (+10% HP) [potion of
                  | mutation]
 64150 | D:8      | Gained mutation: You are clumsy. (Dex -2) [potion of
                  | mutation]
 64465 | D:9      | Fell from the grace of Wu Jian
 64465 | D:9      | Became a worshipper of the Shining One
 64509 | D:8      | Noticed Seczum the pandemonium lord
 64530 | D:8      | Killed Seczum the pandemonium lord
 64666 | D:1      | Reached * piety under the Shining One
 64667 | D:1      | Reached skill level 26 in Invocations
 64754 | D:1      | Noticed Ryhoz the pandemonium lord
 64769 | D:1      | Killed Ryhoz the pandemonium lord
 64924 | D:1      | Noticed Vabreol the pandemonium lord
 64930 | D:1      | Killed Vabreol the pandemonium lord
 64933 | D:1      | Reached ** piety under the Shining One
 65243 | D:1      | Noticed Teffyala the pandemonium lord
 65254 | D:1      | Killed Teffyala the pandemonium lord
 65435 | D:1      | Reached *** piety under the Shining One
 66026 | D:1      | Gained mutation: You do not regenerate when monsters are
                  | visible. [a cacodemon]
 66027 | D:1      | Lost mutation: You are robust. (+10% HP) [potion of
                  | mutation]
 66027 | D:1      | Lost mutation: You are clumsy. (Dex -2) [potion of
                  | mutation]
 66027 | D:1      | Gained mutation: You are strong-willed. (Will+) [potion of
                  | mutation]
 66027 | D:1      | Gained mutation: Your flesh is heat resistant. (rF+)
                  | [potion of mutation]
 66027 | D:1      | Gained mutation: Your spells are a little easier to cast,
                  | but a little less powerful. [a cacodemon]
 66028 | D:1      | Gained mutation: Your magical capacity is low. (-10% MP) [a
                  | cacodemon]
 66029 | D:1      | Gained mutation: You are clumsy. (Dex -2) [a cacodemon]
 66033 | D:1      | Lost mutation: Your magical capacity is low. (-10% MP)
                  | [potion of mutation]
 66033 | D:1      | Lost mutation: You do not regenerate when monsters are
                  | visible. [potion of mutation]
 66033 | D:1      | Lost mutation: Your flesh is heat resistant. (rF+) [potion
                  | of mutation]
 66043 | D:1      | Reached **** piety under the Shining One
 66048 | D:1      | Noticed Sehoz the pandemonium lord
 66069 | D:1      | Killed Sehoz the pandemonium lord
 66077 | D:1      | Reached skill level 27 in Invocations
 67095 | D:1      | Noticed Ahifaum the pandemonium lord
 67098 | D:1      | Paralysed by Ahifaum for 1 turns
 67104 | D:1      | Killed Ahifaum the pandemonium lord
 67104 | D:1      | Reached ***** piety under the Shining One
 67988 | D:1      | Noticed Amin the pandemonium lord
 67999 | D:1      | Killed Amin the pandemonium lord
 68302 | D:1      | Noticed Imaupn the pandemonium lord
 68308 | D:1      | Killed Imaupn the pandemonium lord
 68626 | D:1      | Noticed Muocs the pandemonium lord
 68626 | D:1      | Reached ****** piety under the Shining One
 68629 | D:1      | Noticed Keufoac the pandemonium lord
 68637 | D:1      | Killed Muocs the pandemonium lord
 68646 | D:1      | Killed Keufoac the pandemonium lord
 68694 | D:$      | Escaped with the Orb!

Illustrated notes

Levels and vault maps discovered:
D:1:      mainiacjoe_arrival_reflecting_pool, layout_loops_cross
D:2:      minmay_chambers_of_twos, layout_loops_ring, serial_bayou,
          serial_bayou_lake_a, serial_bayou_pond_d, serial_bayou_pond_b,
          serial_bayou_shore_a
D:3:      layout_basic, mainiacjoe_overflow_cross_hatched,
          fedhas_altar_fruit_tree
D:4:      layout_rooms, overflow_temple_1_default, temple_pool_b,
          chequers_ossuary_entry_cave
D:5:      gammafunk_steamed_eel, layout_loops_corners, st_stairs_7,
          uniq_prince_ribbit1
D:6:      layout_gridville, serial_shops,
          nicolae_shop_temple_entry_statues_fountains, shop, shop, uniq_edmund,
          uniq_jeremiah, uniq_duvessa
D:7:      layout_rooms, mainiacjoe_overflow_chevrons, grunt_gozag_statues,
          serial_shops, shop, hellmonk_guarded_unrand_frostbite
D:8:      layout_basic, mainiacjoe_overflow_small_starburst, uniq_joseph
D:9:      layout_loops_corners, grunt_temple_overflow_holy_war,
          mainiacjoe_overflow_tiny_flanked, david_orc_2,
          minmay_guarded_unrand_resistance
D:10:     layout_layer_cave, nicolae_overflow_squiral, roderic_serpentine_path
D:11:     layout_rooms, lair_entry_dummy, ebering_ghost_funeral_grove
D:12:     layout_cross, uniq_maurice
D:13:     layout_rooms, hellmonk_vaults_attempted_burglary, uniq_erolcha,
          uniq_snorg, uniq_nessos
D:14:     layout_rooms, serial_rivers, chequers_serial_rivers_micro_e,
          chequers_serial_rivers_room_a, chequers_serial_rivers_marsh,
          chequers_serial_rivers_small_3
D:15:     hangedman_depths_entry_civil_slaughter, layout_gridville, minivault_14
Temple:   minmay_temple_curvy_loop
Lair:1:   layout_gridlike, uniq_harold
Lair:2:   layout_cave_pods, spider_nest_entry_funnel_web, minmay_lindwurm_lava,
          uniq_gastronok
Lair:3:   layout_regular_city, mainiacjoe_swamp_entry_lozenge_pond,
          infiniplex_staircase_pool_2
Lair:4:   layout_gridlike, portal_ice_cave_entry_pillars_2, guppyfry_lair_drakes
Lair:5:   hangedman_lair_caniforms_friends, layout_long_grid,
          hangedman_lair_in_review, slime_entry_1
Swamp:1:  layout_basic_swamp, nicolae_swamp_triple_paths, grunt_witch_cave,
          uniq_jorgrun, uniq_nikola
Swamp:2:  layout_falls_marsh, evilmike_swamp_ruin_house_4,
          infiniplex_staircase_pool, uniq_frances
Swamp:3:  layout_falls_marsh, nicolae_swamp_stuck_in_the_mud
Swamp:4:  swamp_old_school, layout_basic_swamp, swamp_pool_1_2, grunt_hermit_hut
Spider:1: layout_spider_delve
Spider:2: layout_spider_delve, hangedman_spider_tarantella_strand
Spider:3: spiders_nest_scorpion_pit, gammafunk_ghost_grave
Spider:4: grunt_spider_rune_parallel, uniq_donald
Slime:1:  layout_caves
Slime:2:  layout_caves
Slime:3:  layout_caves
Slime:4:  layout_caves
Slime:5:  slime_pit_nicolae_trefoil
Orc:1:    layout_caves, nicolae_orc_hostile_takeover, david_defended_altar_orc
Orc:2:    hellmonk_orc_salted, layout_diamond_mine, serial_shops,
          nicolae_shop_bloodbath_and_beyond, nicolae_shop_clearance, uniq_rupert
Elf:1:    nicolae_elf_arrival_fired_up, layout_loops_cross, enter_trove_1,
          minivault_28, serial_library_regret_index_boxing,
          hangedman_feature_mirror, grunt_ministairs_14
Elf:2:    nicolae_elf_blades_crystal_corner, layout_geoelf_grid, basic_altar,
          serial_shops, nicolae_shop_real_fake_doors, minmay_elf_demonology,
          uniq_zenata
Elf:3:    grunt_elf_hall_branching, layout_gridlike, serial_shops,
          nicolae_shop_advertising_works [nicolae_subvault_shop_adworks]
Vaults:1: infiniplex_enter_wizlab_water, nicolae_vaults_mitosis,
          grunt_tower_of_power, nicolae_vaults_little_squares_3,
          vaults_room_pools, nicolae_vaults_diamond_1,
          nicolae_vaults_network_periphery, nicolae_vaults_more_shelving_1,
          nicolae_vaults_little_squares_2, v_misc_13,
          nicolae_vaults_ring_of_whatevers, nicolae_vaults_yaktaur_gun_rack,
          nicolae_vaults_border_crossing, layout_vaults_quadrants, uniq_aizul
Vaults:2: vaults_dpeg_spiral, v_rooms_2, vaults_dpeg_ring, v_misc_26,
          minmay_crypt_entry_simple_walls, v_misc_12, v_alt_pattern_5,
          nicolae_vaults_stand_back, serial_ice_b,
          nicolae_vaults_surprise_closet, nicolae_vaults_wine_cellar,
          layout_vaults_maze_snakey, uniq_asterion
Vaults:3: ontoclasm_vaults_hangar, nicolae_vaults_circle_grid_b,
          nicolae_vaults_surprise_closet, vaults_room_stairs_pillars,
          nicolae_vaults_lightning_bolt, hangedman_vaults_nails,
          nicolae_vaults_network_quincunx
          [nicolae_vaults_network_quincunx_subvault,
          nicolae_vaults_network_quincunx_subvault,
          nicolae_vaults_network_quincunx_subvault,
          nicolae_vaults_network_quincunx_subvault,
          nicolae_vaults_network_quincunx_subvault],
          nicolae_vaults_closet_pinwheel_4, vaults_dpeg_emergency_exit,
          v_misc_14, grunt_vaults_hallway_long, hangedman_vaults_stagger,
          nicolae_vaults_little_squares_1, nicolae_vaults_shipping_containers_4,
          layout_vaults_omnibox, serial_shops, shop
Vaults:4: vaults_mumra_minichess_inversion, ontoclasm_vaults_twist,
          v_alt_pattern_3, v_misc_22, hangedman_vaults_restitches,
          gargoyle_guard, v_misc_26, nicolae_vaults_frosty_reception,
          grunt_vaults_focal, nicolae_vaults_house_3,
          nicolae_vaults_storage_room_doors, dpeg_vaults_monster_box,
          nicolae_vaults_little_squares_5, nicolae_vaults_diamond_1,
          layout_vaults_omnicross, uniq_saint_roka
Vaults:5: serial_shops
Crypt:1:  layout_rooms, nicolae_crypt_smalloseum
Crypt:2:  layout_gridlike, grunt_megastairs_1
Crypt:3:  quadcrypt_mu
Tomb:1
Tomb:2
Depths:1: layout_roguey, abyss_entry_crystal, gammafunk_ghost_berserking_beasts,
          solitary_fountain, grunt_hell_entry_dis_grunt,
          nicolae_concentric_dashed_squares_mild,
          chequers_serial_rivers_small_b, kennysheep_generic_room_8
Depths:2: minmay_curly_fans, layout_long_grid, rand_demon_pan_entry_8,
          lemuel_tele_altar, abyss_entry, hell_entry, minmay_fire_ice_demons
Depths:3: gammafunk_dig_for_victory, layout_cave_shapes, enter_ziggurat_b,
          nicolae_abyss_entry_one_way_or_another, grunt_hell_horde,
          minmay_misc_feat_rows, evilmike_minifort, minmay_shop_grove,
          uniq_boris
Depths:4: grunt_twist_and_shout, layout_basic, dk_noncrumbling_3, hell_entry,
          uniq_jory
Zot:1:    layout_basic
Zot:2:    hangedman_zot_vaults_quadrants, layout_cathedral_of_symmetry
Zot:3:    layout_gridlike
Zot:4:    regret_index_qazlal_generations, layout_gridlike
Zot:5:    layout_twisted_circle

Skill      XL: |  1  2  3  4  5  6  7  8  9 10 11 12 13 14 15 16 17 18 19 20 21 22 23 24 25 26 27 |
---------------+----------------------------------------------------------------------------------+-----
Dodging        | 3 4 5 6 7 9 10 11 12 15 17 19 21 23 24 | 24.5
Stealth        | 7 8 9 10 12 14 17 19 21 23 26 | 26.9
Shapeshifting  | 1 2 3 5 7 9 11 14 16 17 18 19 20 22 23 | 23.0
Summonings     | 1 2 3 4 5 |  5.0
Spellcasting   | 2 3 4 |  4.0
Unarmed Combat | 3 4 5 7 8 10 11 13 15 16 17 18 19 20 22 23 | 23.2
Fighting       | 4 5 6 7 9 10 11 13 15 16 17 18 19 20 21 22 23 | 23.2
Translocations | 3 |  3.0
Necromancy     | 1 4 5 |  5.0
Invocations    | 27 | 27.0

Action                     |  1- 3 |  4- 6 |  7- 9 | 10-12 | 13-15 | 16-18 | 19-21 | 22-24 | 25-27 || total
---------------------------+-------+-------+-------+-------+-------+-------+-------+-------+-------++-------
  Melee: Unarmed           |    29 |   260 |   252 |   680 |  1371 |  1291 |  1124 |  1236 |  3035 ||  9278
         Bite              |     2 |    31 |    31 |   102 |   195 |   149 |   172 |   212 |   510 ||  1404
         Punch             |     1 |     8 |    11 |    39 |    90 |   123 |   149 |   203 |   566 ||  1190
         Headbutt          |       |       |       |       |       |       |       |       |   381 ||   381
   Cast: Call Imp          |       |    11 |    34 |    67 |     9 |       |       |       |       ||   121
         Summon Small Mamm |       |       |    46 |    95 |    17 |       |       |       |       ||   158
         Call Canine Famil |       |       |    22 |    51 |    12 |       |       |       |       ||    85
         Blink             |       |       |     1 |     5 |     1 |     1 |       |       |       ||     8
         Fugue of the Fall |       |       |       |       |     1 |     5 |    18 |     9 |     2 ||    35
         Apportation       |       |       |       |       |       |       |       |       |     5 ||     5
 Invoke: Serpent's Lash    |       |       |       |    11 |    20 |    23 |    12 |    11 |    25 ||   102
         Heavenly Storm    |       |       |       |       |       |     4 |     1 |     3 |     7 ||    15
         Summon Divine War |       |       |       |       |       |       |       |       |     8 ||     8
         Divine Shield     |       |       |       |       |       |       |       |       |     1 ||     1
Ability: Lunge             |       |     7 |    20 |    61 |    85 |    95 |    91 |   105 |   239 ||   703
         Whirlwind         |       |     1 |    39 |   153 |   463 |   485 |   451 |   440 |  1005 ||  3037
         Wall Jump         |       |       |       |       |       |     4 |       |       |     1 ||     5
  Evoke: Wand              |       |       |    14 |    14 |     4 |     1 |       |     3 |     3 ||    39
         Phantom mirror    |       |       |       |       |     1 |     1 |     1 |       |     1 ||     4
         Condenser vane    |       |       |       |       |       |       |     1 |       |     1 ||     2
         Box of beasts     |       |       |       |       |       |       |     1 |       |       ||     1
         Lightning rod     |       |       |       |       |       |       |       |     1 |       ||     1
    Use: Scroll            |     1 |     8 |     4 |    13 |    11 |    14 |     8 |     1 |    22 ||    82
         Potion            |     1 |     1 |     7 |     6 |     2 |     5 |     3 |     6 |    25 ||    56
   Stab: Sleeping          |     2 |    27 |    12 |    20 |    33 |    40 |    45 |    24 |    85 ||   288
         Distracted        |       |     2 |     3 |    19 |    12 |    13 |     3 |    13 |    24 ||    89
         Petrified         |       |       |       |       |     2 |       |       |       |       ||     2
         Confused          |       |       |       |       |       |       |     1 |       |     1 ||     2
 Armour: Skin              |    10 |    74 |    97 |   177 |   536 |   613 |   289 |   371 |   566 ||  2733
  Dodge: Dodged            |    29 |   157 |   240 |   670 |  2408 |  2463 |  1573 |  1612 |  3063 || 12215
  Block: Other             |       |       |       |       |       |       |       |       |   235 ||   235
         Reflection        |       |       |       |       |       |       |       |       |     3 ||     3
   Form: Statue            |       |       |       |       |     1 |       |       |       |     4 ||     5
         Death             |       |       |       |       |       |       |       |       |     5 ||     5
                           |       |       |       |       |       |       |       |       |     2 ||     2
